 Dungeon Sprint DCSS version 0.30-a0-937-ga0a21ad780 (webtiles) character file.

Game seed: 8238899286674940907

272 BigDaddyOpFi the Cleaver (level 9, -1/92 HPs)
             Began as a Hill Orc Fighter on Mar 24, 2023.
             Was an Elder of Wu Jian.
             Slain by Aizul (7 damage)
             ... in the Dungeon (Sprint VI: "Thunderdome").
             The game lasted 00:03:22 (590 turns).

BigDaddyOpFi the Cleaver (Hill Orc Fighter)          Turns: 590, Time: 00:03:23

Health: -1/92      AC:  9    Str: 25    XL:     9   Next: 28%
Magic:  0/9        EV: 13    Int: 14    God:    Wu Jian [****..]
Gold:   166        SH:  8    Dex: 21    Spells: 8/8 levels left

rFire   + . .      SeeInvis .    m - +0 broad axe (heavy)
rCold   + . .      Faith    .    c - +0 buckler
rNeg    . . .      Spirit   +    b - +0 scale mail
rPois   +          Reflect  .    (no helmet)
rElec   +          Rampage  .    (no cloak)
rCorr   +          NoTele   +    (no gloves)
Will    ++...      NoCast   +    (no boots) Stlth
                                 p - amulet "Nimomaso" {Spirit -Cast Will+ Str+2 Dex+4}
HPRegen 0.35/turn                o - ring of Vam Ream {rElec rPois}
MPRegen 0.11/turn                q - ring of Seskuulul {Will+ Int+6 Dex+7}

@: resistant, in a heavenly storm, hasted, glowing, very quick
A: no striking features
a: Renounce Religion, Wall Jump, Serpent's Lash


You were in the Dungeon.
You worshipped Wu Jian.
Wu Jian was greatly pleased with you.
You visited 1 branch You collected 600 gold pieces.
You spent 434 gold pieces at shops.

Inventory:

Hand Weapons
 a - a +0 war axe
 m - a +0 heavy broad axe (weapon)
 r - a +1 war axe of venom
Armour
 b - a +0 scale mail (worn)
 c - a +0 buckler (worn)
Jewellery
 o - the ring of Vam Ream (left hand) {rElec rPois}
   (You bought it in a shop in the Dungeon)

   [ring of poison resistance]

   rElec:     It insulates you from electricity.
   rPois:     It protects you from poison.
 p - the amulet "Nimomaso" (around neck) {Spirit -Cast Will+ Str+2 Dex+4}
   (You bought it in a shop in the Dungeon)

   [amulet of guardian spirit]

   It causes incoming damage to be divided between your reserves of health and
   magic.
   Str:       It affects your strength (+2).
   Dex:       It affects your dexterity (+4).
   -Cast:     It prevents spellcasting.
   Will:      It increases your willpower.
 q - the ring of Seskuulul (right hand) {Will+ Int+6 Dex+7}
   (You bought it in a shop in the Dungeon)

   [ring of intelligence]

   Int:       It affects your intelligence (+6).
   Dex:       It affects your dexterity (+7).
   Will:      It increases your willpower.
Scrolls
 j - a scroll of blinking
 n - 3 scrolls of fog
Potions
 d - a potion of might
 e - 2 potions of curing
 g - 3 potions of haste
 h - 2 potions of magic
 i - a potion of berserk rage


   Skills:
 + Level 12.8 Fighting
 + Level 13.5 Axes
 + Level 11.8 Armour
 + Level 11.8 Shields


You had 8 spell levels left.
You didn't know any spells.
Your spell library was empty.

Dungeon Overview and Level Annotations

Branches:
Dungeon (1/1)

Altars:
Cheibriados
Dithmenos
Fedhas
Gozag
Kikubaaqudgha
Makhleb
Okawaru
Qazlal
Ru
Sif Muna
Trog
Uskayaw
Vehumet
Wu Jian
Xom
Yredelemnul
Zin
The Shining One
Beogh
Lugonu

Shops:
D *[??*?*:[((!!!!

Annotations:
D Aizul


Message History

Thank you for shopping at Edghiul's Do-It-Yourself Clinic!
You feel better.
You feel better.
There is a sacrificial altar of Ru here.
There is a bloodstained altar of Trog here.
A salamander comes into view.
The mana viper hisses angrily.
The salamander wields a +0 shortbow of flaming.
It bursts into flame!
The salamander shoots an arrow.
The arrow hits you.
* * * LOW HITPOINT WARNING * * *
The arrow burns you.
* * * LOW HITPOINT WARNING * * *
The air is filled with shimmering golden clouds!
Sifu Lu Zhishen says: The storm will not cease as long as you keep fighting, disciple!
You can no longer summon a storm of heavenly clouds.
You block the black mamba's attack.
You slash the black mamba!
The black mamba is moderately wounded.
The black mamba bites you.
* * * LOW HITPOINT WARNING * * *
You hit the black mamba.
The black mamba is moderately wounded. 50...
You feel less exhausted.
The black mamba bites you but does no damage.
The black mamba barely misses you.
You slice the black mamba like a ripe choko!!!
You kill the black mamba!
The Council accepts your kill. Aizul hits you!
* * * LOW HITPOINT WARNING * * *
You see here a black mamba corpse.
You slice Aizul!!
Aizul is moderately wounded.
Aizul casts a spell at you. The bolt of poison hits you. You resist.
* * * LOW HITPOINT WARNING * * *
You hit Aizul.
Aizul is moderately wounded.
You hit the salamander. Aizul hits you!
You die...

___.§....###......_._∩##
...†...8.# #.8........∩###
.........###.............##
).....###...###..........⌠#
[.....# #.<.# #..........§#
......###...###..........⌠#
.........###..§☼§§§......#
......S8.# #.8§☼§S§..N∩###
___......###..§§@§N._∩##
####.8........§8N######
#⌠.........S§☼#
###........☼### #_......._#
#_......._# #......N._#
#∩.......∩# ##∩....÷∩##


You could see Aizul, a naga warrior, a salamander and a mana viper.

Vanquished Creatures
  2 black mambas (D)
  2 cane toads (D)
  A komodo dragon (D)
  A basilisk (D)
  A yak (D)
  A kobold brigand (D)
  Blork the orc (D)
  An orc priest (D)
  Ijyb (D)
  An orc wizard (D)
  3 hell rats (D)
  3 river rats (D)
  2 orcs (D)
  2 goblins (D)
  A hobgoblin (D)
23 creatures vanquished.

Vanquished Creatures (others)
  A naga (D)
1 creature vanquished.

Grand Total: 24 creatures vanquished

Notes
Turn   | Place    | Note
-------+----------+-------------------------------------------
     0 | D        | BigDaddyOpFi the Hill Orc Fighter began the quest for the
                  | Orb.
     0 | D        | Reached XP level 1. HP: 19/19 MP: 1/1
     4 | D        | Found a roughly hewn altar of Beogh.
     4 | D        | Found an ornate altar of the Wu Jian Council.
     5 | D        | Found a burning altar of Makhleb.
     5 | D        | Found a shimmering altar of Xom.
     5 | D        | Round 1.
     6 | D        | Found a shadowy altar of Dithmenos.
     6 | D        | Found an opulent altar of Gozag.
     7 | D        | Found a shimmering blue altar of Sif Muna.
     7 | D        | Found Vyluyts's Magic Scroll Shop.
     7 | D        | Found Caduibus's Staff Store.
     8 | D        | Found Nateschuowk's Magic Scroll Shop.
     8 | D        | Found Qaqimy's Must-Have Magic.
    11 | D        | Found a glowing golden altar of the Shining One.
    13 | D        | Found a glowing silver altar of Zin.
    14 | D        | Found Kaf Gynui's Distillery.
    15 | D        | Found Vuqetid's Distillery.
    15 | D        | Found Tenimolo's Bottled Wisdom.
    15 | D        | Found a bloodstained altar of Trog.
    15 | D        | Found a sacrificial altar of Ru.
    15 | D        | Found Edghiul's Do-It-Yourself Clinic.
    23 | D        | Noticed an orc wizard
    29 | D        | Became a worshipper of the Wu Jian Council
    34 | D        | Killed an orc wizard
    35 | D        | Reached skill level 5 in Fighting
    35 | D        | Reached skill level 4 in Axes
    35 | D        | Reached XP level 2. HP: 5/29 MP: 2/2
    35 | D        | Reached XP level 3. HP: 6/36 MP: 3/3
    37 | D        | Found a snail-covered altar of Cheibriados.
    37 | D        | Found Uwkeamin's Jewellery.
    38 | D        | Found Cosopirph's Advanced Armour.
    42 | D        | Found Diadoifo's Identification Station.
    42 | D        | Found a radiant altar of Vehumet.
    42 | D        | Found a stormy altar of Qazlal.
    42 | D        | Found a basalt altar of Yredelemnul.
    44 | D        | Bought a crude jade ring for 45 gold pieces
    44 | D        | Identified the ring of Vam Ream {rElec rPois} (You bought
                  | it in a shop in the Dungeon)
    44 | D        | Bought a clouded bone amulet for 45 gold pieces
    44 | D        | Identified the amulet "Nimomaso" {Spirit -Cast Will+ Str+2
                  | Dex+4} (You bought it in a shop in the Dungeon)
    44 | D        | Bought a bound marble ring for 45 gold pieces
    44 | D        | Identified the ring of Seskuulul {Will+ Int+6 Dex+7} (You
                  | bought it in a shop in the Dungeon)
   126 | D        | Noticed Blork the orc
   131 | D        | Killed Blork the orc
   131 | D        | Reached * piety under Wu Jian
   132 | D        | Reached skill level 6 in Axes
   132 | D        | Reached XP level 4. HP: 27/45 MP: 2/4
   132 | D        | Reached XP level 5. HP: 30/51 MP: 2/5
   138 | D        | Arena points: 12 (+12) [x2]
   201 | D        | Round 2.
   201 | D        | Noticed a kobold brigand
   201 | D        | Noticed Ijyb
   205 | D        | Reached ** piety under Wu Jian
   214 | D        | Killed a kobold brigand
   215 | D        | Reached skill level 7 in Axes
   217 | D        | Killed Ijyb
   217 | D        | Reached *** piety under Wu Jian
   217 | D        | Arena points: 48 (+36) [x3]
   218 | D        | Reached skill level 8 in Axes
   218 | D        | Reached XP level 6. HP: 18/61 MP: 2/6
   224 | D        | Found a corrupted altar of Lugonu.
   225 | D        | Found an ancient bone altar of Kikubaaqudgha.
   227 | D        | Found Xaotig's Premium Goods.
   228 | D        | Found a blossoming altar of Fedhas.
   228 | D        | Found a hide-covered altar of Uskayaw.
   228 | D        | Found an iron altar of Okawaru.
   228 | D        | Found Qaar's Weapon Rack.
   228 | D        | Found Geeczuax's Miscellaneous Merchandise.
   228 | D        | Found Agiuwnat's Basic Armour.
   237 | D        | Bought a +0 broad axe for 120 gold pieces
   267 | D        | Round 3.
   268 | D        | Noticed a cane toad
   280 | D        | Killed a cane toad
   281 | D        | Reached skill level 10 in Axes
   281 | D        | Reached XP level 7. HP: 22/71 MP: 1/7
   290 | D        | Noticed a komodo dragon
   304 | D        | Killed a komodo dragon
   304 | D        | Reached **** piety under Wu Jian
   305 | D        | Reached skill level 10 in Fighting
   305 | D        | Reached skill level 11 in Axes
   391 | D        | Noticed a yak
   398 | D        | Killed a yak
   398 | D        | Arena points: 132 (+84) [x4]
   399 | D        | Reached skill level 10 in Armour
   399 | D        | Reached skill level 10 in Shields
   399 | D        | Reached XP level 8. HP: 54/82 MP: 5/8
   420 | D        | Bought a scroll of brand weapon for 95 gold pieces
   447 | D        | Round 4.
   476 | D        | Reached ***** piety under Wu Jian
   476 | D        | Noticed a cane toad
   477 | D        | Reached skill level 12 in Axes
   477 | D        | Noticed a black mamba
   483 | D        | Killed a black mamba
   486 | D        | Killed a cane toad
   486 | D        | Arena points: 272 (+140) [x5]
   487 | D        | Reached skill level 13 in Axes
   487 | D        | Reached XP level 9. HP: 76/91 MP: 7/9
   557 | D        | Round 5.
   561 | D        | Noticed Aizul
   572 | D        | Noticed a black mamba
   573 | D        | Noticed a mana viper
   575 | D        | Noticed a naga warrior
   577 | D        | Bought 4 potions of curing for 84 gold pieces
   582 | D        | Noticed a salamander
   587 | D        | Killed a black mamba
   590 | D        | Slain by Aizul

Illustrated notes

Levels and vault maps discovered:
D:        arena_sprint

Skill      XL: |  1  2  3  4  5  6  7  8 |
---------------+-------------------------+-----
Fighting       | 5 6 7 9 11 12 | 12.8
Axes           | 4 6 8 10 11 13 | 13.5
Armour         | 4 6 7 9 10 11 | 11.8
Shields        | 4 6 7 9 10 11 | 11.8

Action                     |  1- 3 |  4- 6 |  7- 9 || total
---------------------------+-------+-------+-------++-------
  Melee: War axe           |     6 |    21 |    12 ||    39
         Broad axe         |       |       |    30 ||    30
 Invoke: Serpent's Lash    |       |       |     2 ||     2
         Heavenly Storm    |       |       |     1 ||     1
Ability: Whirlwind         |       |     1 |     2 ||     3
         Lunge             |       |     1 |     1 ||     2
  Evoke: Wand              |     2 |     6 |     2 ||    10
    Use: Potion            |       |     3 |     6 ||     9
         Scroll            |       |       |     4 ||     4
 Armour: Scale mail        |     2 |     4 |     5 ||    11
  Dodge: Dodged            |       |    10 |    17 ||    27
  Block: Buckler           |     2 |    13 |    14 ||    29

Table legend: (Time is in decaauts)
 A = Elapsed time spent in this place.
 B = Non-inter-level travel time spent in this place.
 C = Inter-level travel time spent in this place.
 D = Time resting spent in this place.
 E = Time spent auto-exploring this place.
 F = Levels seen in this place.
 G = Mean time per level.
                   A        B        C        D        E       F      G
               +--------+--------+--------+--------+--------+-----+--------+
         Total |    597 |    597 |      0 |    322 |      0 |   1 |  597.0 |
       Dungeon |    597 |    597 |      0 |    322 |      0 |   1 |  597.0 |
               +--------+--------+--------+--------+--------+-----+--------+

Top non-repeatable levels by time:
       D: 597 daAuts
